 Dungeon Crawl Stone Soup version 0.30-a0-870-gc5d4c5acee (webtiles) character file.

Game seed: 961904164070879625

221 hikkokomori the Conjurer (level 5, -7/29 HPs)
             Began as a Deep Elf Conjurer on Mar 10, 2023.
             Killed by divine providence
             ... invoked by an orc priest
              (12 damage)
             ... on level 5 of the Dungeon on Mar 12, 2023.
             The game lasted 00:05:49 (3954 turns).

hikkokomori the Conjurer (Deep Elf Conjurer)        Turns: 3954, Time: 00:05:50

Health: -7/29      AC:  6    Str:  4    XL:     5   Next: 65%
Magic:  1/13       EV: 13    Int: 25    God:
Gold:   150        SH:  0    Dex: 13    Spells: 1/12 levels left

rFire   . . .      SeeInvis .    l - staff of conjuration
rCold   . . .      Faith    .    (no shield)
rNeg    . . .      Spirit   .    a - +0 robe
rPois   .          Reflect  .    s - +1 helmet
rElec   .          Rampage  .    (no cloak)
rCorr   .                        f - +0 pair of gloves
Will    .....                    d - +0 pair of boots
Stlth   +++                      (no amulet)
HPRegen 0.24/turn                (no ring)
MPRegen 0.13/turn                (no ring)

@: no status effects
A: no striking features
a: no special abilities


You were on level 5 of the Dungeon.
You visited 1 branch of the dungeon, and saw 5 of its levels.

You collected 150 gold pieces.

Inventory:

Hand Weapons
 e - a +0 dagger
Armour
 a - a +0 robe (worn)
 d - a +0 pair of boots (worn)
 f - a +0 pair of gloves (worn)
 m - a scarf of harm
 s - a +1 helmet (worn)
Magical Staves
 l - a staff of conjuration (weapon)
Jewellery
 o - an amulet of magic regeneration
 w - an amulet of the acrobat
 A - a ring of protection from cold
Wands
 v - a wand of digging (4)
Scrolls
 g - 2 scrolls of blinking {unknown}
 j - a scroll of noise {unknown}
 n - a scroll of immolation {unknown}
 p - 5 scrolls of identify {unknown}
 q - 2 scrolls of silence {unknown}
 t - 3 scrolls of amnesia {unknown}
 u - 2 scrolls of poison {unknown}
 y - a scroll of teleportation {unknown}
Potions
 b - a potion of magic
 c - 2 potions of might {unknown}
 h - a potion of heal wounds {unknown}
 i - a potion of brilliance {unknown}
 k - a potion of cancellation {unknown}
 r - 2 potions of resistance {unknown}
 x - a potion of invisibility {unknown}
 z - 2 potions of haste {unknown}
 B - a potion of curing


   Skills:
 + Level 1.4 Fighting
 - Level 3.7 Dodging
 + Level 4.2 Stealth
 - Level 4.3 Spellcasting
 + Level 5.3 Conjurations
 + Level 1.3 Hexes


You had one spell level left.
You knew the following spells:

 Your Spells              Type           Power      Damage    Failure   Level
a - Magic Dart            Conj           100%       1d8       1%          1
b - Searing Ray           Conj           94%        2d7       1%          2
c - Fulminant Prism       Conj/Hex       16%        3d10      22%         4
d - Iskenderun's Mystic   Conj/Tloc      27%        2d7       30%         4

Your spell library contained the following spells:

 Spells                   Type           Power      Damage    Failure   Level
 Dazzling Flash           Conj/Hex       66%        N/A       7%          3
 Blink                    Tloc           10%        N/A       14%         2
 Manifold Assault         Tloc           5%         N/A       65%         4
 Storm Form               Tmut/Air       2%         N/A       100%        7


Dungeon Overview and Level Annotations

Branches:
Dungeon (5/15)
 Temple: D:4-7

Altars:
Kikubaaqudgha
Nemelex Xobeh
Qazlal
Ru
Uskayaw
The Shining One


Message History

Press: ? - help, Shift-Dir - straight line, f/p - orc priest
Aim: an orc priest, wielding a +0 club and wearing a +0 scale mail (lightly wounded, 100% to hit)
You feel a surge of power!
The magic dart hits the orc priest but does no damage.
The orc priest is lightly wounded.
Unknown command.
Casting: Magic Dart (safe; 1% risk of failure)
Confirm with . or Enter, or press ? or * to list all spells.
Aiming: Magic Dart (safe; 1% risk of failure)
Press: ? - help, Shift-Dir - straight line, f/p - orc priest
Aim: an orc priest, wielding a +0 club and wearing a +0 scale mail (lightly wounded, 100% to hit)
You feel a surge of power!
The magic dart hits the orc priest but does no damage.
The orc priest is lightly wounded.
The orc priest calls down the wrath of Beogh upon you.
Beogh smites you!
* * * LOW HITPOINT WARNING * * *
Okay, then.
Okay, then.
Items here: ( ) [ †.
Things that are here:
a +0 short sword; a +0 mace Your magical contamination has completely faded away.
Aiming: Dig
Press: ? - help, Shift-Dir - straight line A rock wall.
The rock shatters into small pieces.
An orc comes into view. It is wielding a +0 whip.
The orc moves out of view.
Casting: Magic Dart (safe; 1% risk of failure)
Confirm with . or Enter, or press ? or * to list all spells.
Aiming: Searing Ray (safe; 1% risk of failure)
Press: ? - help, Shift-Dir - straight line, f - orc priest
Aim: an orc priest, wielding a +0 club and wearing a +0 scale mail (84% to hit)
You feel a surge of power!
The searing ray hits the orc priest.
The orc priest is moderately wounded. (Press . to maintain the ray.)
The orc priest mumbles some strange prayers to Beogh against you.
Beogh smites you!
You die...

##.### #....# ##...#
### #....####.### #
##...###.....# ..
##<....#......# ...
#..........##o###....
###.......###))).....
<........o@###.o)..#..
........####.##....##
..##..... #...o....# .
#.....###.....#...#
...................#
.##.....#............
##... ##............ #
.....##...... ....###
......


You could see an orc priest and an orc.

Vanquished Creatures
  Terence (D:3)
  2 orc wizards (D:5)
  6 adders
  A worm (D:2)
  2 dart slugs
  6 orcs (D:5)
  5 ball pythons
  9 bats
  11 endoplasms
  3 giant cockroaches
  3 goblins
  11 hobgoblins
  3 quokkas
  4 frilled lizards
  8 kobolds
  4 rats
79 creatures vanquished.

Notes
Turn   | Place    | Note
-------+----------+-------------------------------------------
     0 | D:1      | hikkokomori the Deep Elf Conjurer began the quest for the
                  | Orb.
     0 | D:1      | Reached XP level 1. HP: 10/10 MP: 6/6
     0 | D:1      | Upgraded the game from 0.30-a0-862-g1aabd4f9c5 to
                  | 0.30-a0-870-gc5d4c5acee
   194 | D:1      | Reached XP level 2. HP: 15/15 MP: 6/8
   967 | D:1      | Reached XP level 3. HP: 19/19 MP: 6/10
  1434 | D:2      | Learned a level 2 spell: Searing Ray
  1801 | D:2      | Reached XP level 4. HP: 24/24 MP: 7/11
  2493 | D:3      | Found a sparkling altar of Nemelex Xobeh.
  2619 | D:3      | Noticed a +0 dagger
  2619 | D:3      | Noticed a +0 hand axe
  2620 | D:3      | Found a hide-covered altar of Uskayaw.
  2670 | D:3      | Found a sacrificial altar of Ru.
  2722 | D:3      | Reached skill level 5 in Conjurations
  3009 | D:3      | Noticed Terence
  3019 | D:3      | Killed Terence
  3172 | D:3      | Found a glowing golden altar of the Shining One.
  3172 | D:3      | Found an ancient bone altar of Kikubaaqudgha.
  3419 | D:4      | Found a stormy altar of Qazlal.
  3614 | D:4      | Reached XP level 5. HP: 28/28 MP: 11/13
  3677 | D:4      | Reached skill level 1 in Fighting
  3829 | D:4      | Learned a level 4 spell: Fulminant Prism
  3834 | D:4      | Learned a level 4 spell: Iskenderun's Mystic Blast
  3840 | D:5      | Entered Level 5 of the Dungeon
  3883 | D:5      | Reached skill level 1 in Hexes
  3954 | D:5      | Killed from afar by an orc priest

Illustrated notes

Levels and vault maps discovered:
D:1:      ncdulo_watergridlock, layout_basic, minmay_tromino_i2
D:2:      wad_river_or_something, layout_basic
D:3:      cheibrodos_old_hovel, layout_basic, dancing_weapons_uskayaw,
          mainiacjoe_overflow_small_starburst,
          nemelex_xobeh_ov_fountains_minmay, gammafunk_temple_overflow_elements,
          amethyst_killhole, uniq_terence
D:4:      layout_basic, grunt_qazlal_sundering
D:5:      layout_cave_pools

Skill      XL: |  1  2  3  4  5 |
---------------+----------------+-----
Stealth        | 3 4 |  4.2
Dodging        | 3 |  3.7
Spellcasting   | 4 |  4.3
Conjurations   | 5 |  5.3
Fighting       | 1 |  1.4
Hexes          | 1 |  1.3

Action                     |  1- 3 |  4- 6 || total
---------------------------+-------+-------++-------
  Melee: Staff             |    17 |     7 ||    24
         Punch             |       |     1 ||     1
   Cast: Magic Dart        |    95 |    67 ||   162
         Searing Ray       |       |     4 ||     4
  Evoke: Wand              |       |     1 ||     1
 Armour: Robe              |    17 |     4 ||    21
  Dodge: Dodged            |    30 |    12 ||    42

Table legend: (Time is in decaauts)
 A = Elapsed time spent in this place.
 B = Non-inter-level travel time spent in this place.
 C = Inter-level travel time spent in this place.
 D = Time resting spent in this place.
 E = Time spent auto-exploring this place.
 F = Levels seen in this place.
 G = Mean time per level.
                   A        B        C        D        E       F      G
               +--------+--------+--------+--------+--------+-----+--------+
         Total |   3959 |   3824 |    135 |      0 |   3366 |   5 |  791.8 |
       Dungeon |   3959 |   3824 |    135 |      0 |   3366 |   5 |  791.8 |
               +--------+--------+--------+--------+--------+-----+--------+

Top non-repeatable levels by time:
     D:1: 1270 daAuts
     D:3: 1043 daAuts
     D:2: 1018 daAuts
     D:4: 511 daAuts
     D:5: 115 daAuts
